 Dungeon Crawl Stone Soup version 0.21-a0-426-g98080a9 (webtiles) character file.

7284 mastercheaf21 the Basher (level 10, 0/94 HPs)
             Began as a Minotaur Berserker on Nov 6, 2017.
             Was a High Priest of Trog.
             Slain by an ettin
             ... wielding a +0 dire flail
              (20 damage)
             ... on level 2 of the Orcish Mines.
             The game lasted 01:09:49 (10712 turns).

mastercheaf21 the Basher (Minotaur Berserker)      Turns: 10712, Time: 01:09:50

Health: 0/94       AC: 20    Str: 24    XL:     10   Next: 89%
Magic:  9/9        EV:  6    Int:  4    God:    Trog [*****.]
Gold:   525        SH: 11    Dex: 11    Spells: 9/9 levels left

rFire    . . .     SeeInvis .   J - +1 flail (protect)
rCold    . . .     Gourm    .   e - +0 shield
rNeg     . . .     Faith    .   Y - +3 plate armour
rPois    .         Spirit   .   (helmet restricted)
rElec    .         Reflect  .   (no cloak)
rCorr    .         Harm     .   F - +0 pair of gloves
MR       ++...                  (no boots)
Stlth    ..........             (no amulet)
HPRegen  1.25/turn              I - +2 ring of protection
MPRegen  0.11/turn              (no ring)

@: regenerating
A: retaliatory headbutt, horns 2
a: Berserk, Trog's Hand, Brothers in Arms, Burn Spellbooks, Renounce Religion


You were on level 2 of the Orcish Mines.
You worshipped Trog.
Trog was extremely pleased with you.
You were very hungry.

You visited 4 branches of the dungeon, and saw 14 of its levels.

You collected 635 gold pieces.
You spent 110 gold pieces at shops.

Inventory:

Hand Weapons
 k - a +0 morningstar
 l - a +1 halberd
 o - a +0 scimitar
 v - a +1 dagger of draining
 y - a +0 dagger of holy wrath
 C - a +3 flail
 G - a +0 scythe
 J - a +1 flail of protection (weapon)
 P - the +6 mace of the Empty Page {flame, rC+, unknown}
   (You found it on level 6 of the Dungeon)

   It has been specially enchanted to burn those struck by it, causing extra
   injury to most foes and up to half again as much damage against particularly
   susceptible opponents.
   It protects you from cold.
 Q - a +1 battleaxe
 S - a +4 whip of holy wrath
 T - a +0 war axe
 X - a +3 mace
Missiles
 L - 12 tomahawks (quivered)
Armour
 b - a +0 troll leather armour
 e - a +0 shield (worn)
 F - a +0 pair of gloves (worn)
 K - a +3 ring mail of cold resistance
 N - a +0 shield
 Y - a +3 plate armour (worn)
Magical Staves
 q - an uncursed staff of cold {unknown}
Jewellery
 I - a +2 ring of protection (left hand)
Wands
 g - a wand of acid (8/15)
 i - a wand of polymorph (13/24)
 w - a wand of confusion (24/48)
 H - a wand of iceblast (11/15)
 M - a wand of flame (25/48)
 O - a wand of digging (10/24)
 R - a wand of random effects (35/48)
 W - a wand of iceblast (6/15)
Scrolls
 d - 5 scrolls of identify
 f - a scroll of recharging
 j - 2 scrolls of teleportation
 m - a scroll of acquirement {unknown}
 n - 3 scrolls of magic mapping
 s - a scroll of random uselessness
 A - a scroll of enchant weapon
 E - 4 scrolls of remove curse
Potions
 h - a potion of ambrosia {unknown}
 p - 2 potions of heal wounds
 x - a potion of degeneration {unknown}
 z - 3 potions of curing {unknown}
 B - 2 potions of agility {unknown}
 V - a potion of magic {unknown}
Books
 a - a book of Cantrips

   Spells                             Type                      Level
   a - Confusing Touch                Hexes                        1
   b - Animate Skeleton               Necromancy                   1
   c - Summon Small Mammal            Summoning                    1
   d - Apportation                    Translocation                1
   Trog disapproves of the use of such an item.
Comestibles
 c - 6 bread rations
 r - 5 royal jellies
 u - 4 meat rations
 D - 9 fruits


   Skills:
 - Level 10.8 Fighting
 - Level 13.3 Maces & Flails
 + Level 8.1 Armour
 - Level 2.1 Dodging
 + Level 7.6 Shields


You had 9 spell levels left.
You didn't know any spells.

Dungeon Overview and Level Annotations

Branches:
Dungeon (10/15)            Temple (1/1) D:6            Lair (1/6) D:10
    Orc (2/2) D:10
    Elf: Orc:2

Altars:
Ashenzari
Cheibriados
Dithmenos
Elyvilon
Fedhas
Gozag
Hepliaklqana
Kikubaaqudgha
Makhleb
Nemelex Xobeh
Okawaru
Qazlal
Ru
Sif Muna
Trog
Uskayaw
Vehumet
Wu Jian
Xom
Yredelemnul
Zin
The Shining One

Shops:
D:5 =   D:10 [


Innate Abilities, Weirdness & Mutations

You reflexively headbutt those who attack you in melee.
You have a pair of horns on your head.


Message History

You feel resistant to hostile enchantments.
You feel somewhat more hungry. You block the ettin's attack.
The ettin hits you with a dire flail!
* * * LOW HITPOINT WARNING * * *
An ogre comes into view. It is wielding a giant spiked club.
You are feeling very hungry.
The ogre shouts!
You hear a shout!
The ettin hits you with a dire flail!!
* * * LOW HITPOINT WARNING * * *
You block the ettin's attack.
An orc sorcerer comes into view. It is wielding a dagger.
The orc sorcerer casts a spell.
An ogre comes into view. It is wielding a giant club.
The ogre shouts!
You hear a shout!
The ogre closely misses you. The orc sorcerer casts a spell at you.
You resist with almost no effort. You block the rust devil's attack.
You block the ettin's attack. The ettin hits you with a dire flail!!
You die...

...#.#......#
..........####
..........##.##
............<.#
...........#.##
....O......###
.......O.....###
......4C....##.##
....o...@.......#
................##
....#............##
...#####..........##
... ###...........#
... #............##
....##
#...........##
......##.........###
#.....#..........#


You could see an ettin, a rust devil, an orc sorcerer and 2 ogres.

Vanquished Creatures
  An ugly thing (D:8)
  A komodo dragon (D:10)
  A troll (D:10)
  6 yaks (D:10)
  Sigmund (D:4)
  A wyvern (D:8)
  2 hungry ghosts
  Eustachio (D:6)
  Grum (D:8)
  Edmund (D:5)
  2 porcupines (D:10)
  2 sky beasts
  5 orc warriors
  4 ogres
  3 phantoms
  2 wolves (D:8)
  2 centaurs
  A crocodile (D:10)
  3 big kobolds
  4 bullfrogs
  A gnoll sergeant (D:10)
  3 scorpions
  8 killer bees
  2 howler monkeys
  2 centaur zombies
  2 bullfrog zombies (D:6)
  5 crimson imps
  A quasit (D:9)
  5 hounds
  7 orc priests
  3 centaur skeletons
  A jelly (D:8)
  A bullfrog skeleton (D:8)
  Crazy Yiuf (D:6)
  4 iguanas
  Ijyb (D:3)
  9 orc wizards
  4 worker ants
  A hound skeleton (D:7)
  8 gnolls
  9 adders
  An ooze (D:1)
  An adder skeleton (D:4)
  An adder zombie (D:6)
  6 worms
  2 dart slugs (D:3)
  5 leopard geckos
  46 orcs
  7 giant cockroaches
  8 goblins
  5 hobgoblins
  4 jackals (D:4)
  4 quokkas
  3 ball pythons
  A ball python zombie (D:5)
  4 bats
  5 frilled lizards
  18 kobolds
  A leopard gecko skeleton (D:4)
  8 rats
  A fungus (D:10)
  A plant (D:10)
254 creatures vanquished.

Vanquished Creatures (others)
  A fungus (D:10)
1 creature vanquished.

Grand Total: 255 creatures vanquished

Notes
Turn   | Place    | Note
-------+----------+-------------------------------------------
     0 | D:1      | mastercheaf21 the Minotaur Berserker began the quest for the Orb.
     0 | D:1      | Reached XP level 1. HP: 19/19 MP: 0/0
     6 | D:1      | Noticed a black mamba
     6 | D:1      | Noticed a black bear
     7 | D:1      | Noticed a rime drake
     7 | D:1      | Noticed a worker ant
   423 | D:1      | Reached skill level 4 in Maces & Flails
   423 | D:1      | Reached XP level 2. HP: 27/27 MP: 1/1
  1033 | D:2      | Reached XP level 3. HP: 15/33 MP: 2/2
  1482 | D:2      | Reached skill level 5 in Maces & Flails
  1482 | D:2      | Reached XP level 4. HP: 41/41 MP: 3/3
  1529 | D:2      | Reached ** piety under Trog
  2120 | D:3      | Reached skill level 6 in Maces & Flails
  2177 | D:3      | Noticed Ijyb
  2289 | D:3      | Killed Ijyb
  2289 | D:3      | Reached XP level 5. HP: 36/47 MP: 4/4
  2376 | D:3      | Reached skill level 5 in Fighting
  2831 | D:3      | Reached skill level 7 in Maces & Flails
  2831 | D:3      | Reached XP level 6. HP: 32/56 MP: 5/5
  3090 | D:3      | Found a burning altar of Makhleb.
  3372 | D:4      | Reached *** piety under Trog
  3372 | D:4      | Reached skill level 8 in Maces & Flails
  3528 | D:4      | Noticed Sigmund
  3916 | D:4      | Killed Sigmund
  3916 | D:4      | Reached XP level 7. HP: 63/63 MP: 6/6
  3999 | D:4      | Reached skill level 9 in Maces & Flails
  4085 | D:5      | Entered Level 5 of the Dungeon
  4392 | D:5      | Found Tuqem's Jewellery Shoppe.
  4405 | D:5      | Bought a +2 ring of protection for 110 gold pieces
  4431 | D:5      | Noticed Edmund
  4447 | D:5      | Killed Edmund
  4447 | D:5      | Reached skill level 10 in Maces & Flails
  4447 | D:5      | Reached XP level 8. HP: 71/71 MP: 7/7
  4884 | D:6      | Noticed Eustachio
  4924 | D:6      | Killed Eustachio
  4924 | D:6      | Reached skill level 11 in Maces & Flails
  5195 | D:6      | Found a shattered altar of Ashenzari.
  5427 | D:6      | Found a staircase to the Ecumenical Temple.
  5436 | Temple   | Entered the Ecumenical Temple
  5780 | D:6      | Got a scorched mace
  5787 | D:6      | Found a runed door.
  5808 | D:6      | Noticed Crazy Yiuf
  5813 | D:6      | Killed Crazy Yiuf
  6030 | D:7      | Paralysed by fainting for 11 turns
  6362 | D:7      | Reached XP level 9. HP: 81/81 MP: 8/8
  6438 | D:7      | Reached skill level 1 in Shields
  6445 | D:7      | Reached skill level 12 in Maces & Flails
  6482 | D:7      | Reached **** piety under Trog
  7946 | D:8      | Reached skill level 5 in Armour
  8066 | D:8      | Noticed a cyan ugly thing
  8085 | D:8      | Killed a cyan ugly thing
  8123 | D:8      | Noticed Grum
  8130 | D:8      | Reached skill level 10 in Fighting
  8138 | D:8      | Killed Grum
  8138 | D:8      | Reached XP level 10. HP: 66/93 MP: 9/9
  8867 | D:9      | Reached skill level 13 in Maces & Flails
  8891 | D:9      | You fall through a shaft!
  8891 | D:10     | Entered Level 10 of the Dungeon
  9296 | D:10     | Reached skill level 5 in Shields
  9304 | D:10     | Reached ***** piety under Trog
  9550 | D:10     | Found a staircase to the Orcish Mines.
  9599 | D:10     | Found a staircase to the Lair.
 10199 | D:10     | Found Kasirphi's Antique Armour Emporium.
 10342 | Lair:1   | Entered Level 1 of the Lair of Beasts
 10346 | Lair:1   | Noticed a six-headed hydra
 10509 | Orc:1    | Entered Level 1 of the Orcish Mines
 10621 | Orc:2    | Entered Level 2 of the Orcish Mines
 10696 | Orc:2    | Noticed an ettin
 10706 | Orc:2    | Noticed an orc sorcerer
 10707 | Orc:2    | Noticed a rust devil
 10712 | Orc:2    | Slain by an ettin

Vault maps used:
D:1:      onia_arrival_zoo_common
D:3:      lightli_temple_of_fire, uniq_ijyb
D:4:      first_bread, uniq_sigmund
D:5:      serial_shops, nicolae_shop_statue_plus, minivault_4, uniq_edmund
D:6:      nicolae_overflow_crystal_walls, temple_green, minmay_misc_feat_iff,
          uniq_eustachio, uniq_crazy_yiuf_cottage
D:8:      uniq_grum
D:9:      hangedman_ranch, uniq_joseph
D:10:     grunt_lair_entry_orc_guard_hut, hiddenorc2_lemuel, serial_shops,
          nicolae_shop_stone
Temple:   regret_index_temple_chain_breaker
Lair:1:   fungi_pond_lemuel, beast_lair_carwin_4, uniq_fannar
Orc:1:    nicolae_orc_bridge_out, nicolae_orc_sculptors_studio
Orc:2:    st_orc_open

Skill      XL: |  1  2  3  4  5  6  7  8  9 10 |
---------------+-------------------------------+-----
Maces & Flails | 4 5 6 7 8 10 11 12 13 | 13.3
Fighting       | 4 5 6 8 10 | 10.8
Armour         | 3 5 8 |  8.1
Shields        | 4 7 |  7.6
Dodging        | |  2.1

Action                   |  1- 3 |  4- 6 |  7- 9 | 10-12 || total
-------------------------+-------+-------+-------+-------++-------
Melee: Whip              |    53 |   173 |       |       ||   226
       Headbutt          |    17 |    37 |    69 |    62 ||   185
       Flail             |       |    64 |   330 |   271 ||   665
Invok: Berserk           |       |     4 |     2 |     2 ||     8
       Trog's Hand       |       |     1 |       |     1 ||     2
  Use: Scroll            |       |     8 |     3 |     2 ||    13
       Potion            |       |       |     4 |       ||     4
  Eat: Chunk             |     1 |    11 |    12 |     5 ||    29
       Meat ration       |       |       |     2 |     1 ||     3
Armor: Leather armour    |    10 |       |       |       ||    10
       Ring mail         |     6 |    11 |       |       ||    17
       Plate armour      |       |   203 |   232 |   143 ||   578
Dodge: Dodged            |    29 |   121 |    70 |    66 ||   286
Block: Shield            |       |       |    92 |   160 ||   252

Table legend:
 A = Spawn XP
 B = Non-spawn XP
 C = Spawn XP percentage of total XP
 D = Spawn monster count
 E = Non-spawn monster count
 F = Spawn count percentage of total count
 G = Total turns spent on level
                    A         B        C        D         E        F      G
               +---------+---------+-------+---------+---------+-------+---------
         Total |       0 |   10407 |   0.0 |       0 |     252 |   0.0 | 10712
               +---------+---------+-------+---------+---------+-------+---------
           D:1 |       0 |      19 |   0.0 |       0 |       9 |   0.0 |  1021
           D:2 |       0 |     131 |   0.0 |       0 |      28 |   0.0 |   971
           D:3 |       0 |     252 |   0.0 |       0 |      31 |   0.0 |  1252
           D:4 |       0 |     590 |   0.0 |       0 |      22 |   0.0 |   841
           D:5 |       0 |     567 |   0.0 |       0 |      12 |   0.0 |   681
           D:6 |       0 |     906 |   0.0 |       0 |      16 |   0.0 |   890
           D:7 |       0 |    1441 |   0.0 |       0 |      34 |   0.0 |  1444
           D:8 |       0 |    1865 |   0.0 |       0 |      17 |   0.0 |  1249
           D:9 |       0 |     554 |   0.0 |       0 |      13 |   0.0 |   230
          D:10 |       0 |    3969 |   0.0 |       0 |      69 |   0.0 |  1614
         Orc:2 |       0 |     113 |   0.0 |       0 |       1 |   0.0 |    91
               +---------+---------+-------+---------+---------+-------+---------
